 Dungeon Crawl Stone Soup version 0.24.0-13-gcf9b3192b9 (webtiles) character file.

Game seed: 11890809361700712730, levelgen mode: deterministic

217 Mrkan the Chopper (level 5, -7/47 HPs)
             Began as a Minotaur Fighter on Nov 5, 2019.
             Was an Initiate of Qazlal.
             Mangled by an ogre
             ... wielding a +0 giant spiked club
              (27 damage)
             ... on level 4 of the Dungeon.
             The game lasted 00:03:29 (2678 turns).

Mrkan the Chopper (Minotaur Fighter)                Turns: 2678, Time: 00:03:29

Health: -7/47      AC: 10    Str: 21    XL:     5   Next: 62%
Magic:  4/4        EV:  5    Int:  5    God:    Qazlal [......]
Gold:   228        SH:  9    Dex: 10    Spells: 4/4 levels left

rFire    . . .     SeeInvis .   a - +0 war axe
rCold    . . .     Gourm    .   c - +0 shield
rNeg     . . .     Faith    .   v - +0 chain mail
rPois    .         Spirit   .   (helmet restricted)
rElec    .         Reflect  .   (no cloak)
rCorr    .         Harm     .   n - +0 pair of gloves
MR       .....                  (no boots)
Stlth    ..........             (no amulet)
HPRegen  0.15/turn              (no ring)
MPRegen  0.09/turn              (no ring)

@: no status effects
A: retaliatory headbutt, horns 2
a: Renounce Religion


You were on level 4 of the Dungeon.
You worshipped Qazlal.
Qazlal was noncommittal.
You were hungry.

You visited 1 branch of the dungeon, and saw 4 of its levels.

You collected 228 gold pieces.

Inventory:

Hand Weapons
 a - a +0 war axe (weapon)
Missiles
 i - 25 poisoned darts (quivered)
Armour
 c - a +0 shield (worn)
 n - a +0 pair of gloves (worn)
 v - a +0 chain mail (worn)
Jewellery
 l - an uncursed ring of poison resistance {unknown}
Wands
 u - a wand of clouds (5)
Scrolls
 e - 2 scrolls of enchant weapon {unknown}
 j - a scroll of teleportation {unknown}
 k - 2 scrolls of remove curse {unknown}
 m - a scroll of magic mapping {unknown}
 o - 2 scrolls of identify {unknown}
 r - a scroll of fog {unknown}
Potions
 d - 2 potions of might
 g - 2 potions of cancellation {unknown}
 h - 4 potions of curing {unknown}
 p - a potion of ambrosia {unknown}
 q - a potion of degeneration {unknown}
 s - 2 potions of haste {unknown}
 t - a potion of agility {unknown}
 w - a potion of heal wounds {unknown}
Comestibles
 f - 7 rations


   Skills:
 + Level 4.7 Fighting
 * Level 4.9 Axes
 + Level 4.6 Armour
 + Level 4.7 Shields


You had 4 spell levels left.
You didn't know any spells.
Your spell library was empty.

Dungeon Overview and Level Annotations

Branches:
Dungeon (4/15)
 Temple: D:4-7

Altars:
Qazlal


Innate Abilities, Weirdness & Mutations

You reflexively headbutt those who attack you in melee.
You have a pair of horns on your head.


Message History

The ogre is heavily wounded.
You block the ogre's attack.
You completely miss the ogre.
You headbutt the ogre, but do no damage.
The ogre is heavily wounded.
The ogre hits you with a +0 giant spiked club.
You hit the ogre. Your headbutt misses the ogre.
The ogre is severely wounded.
The ogre hits you but does no damage.
You hit the ogre.
The ogre is severely wounded.
The ogre hits you with a +0 giant spiked club!
You hit the ogre.
The ogre is severely wounded.
The ogre barely misses you.
You barely miss the ogre. You headbutt the ogre!
The ogre is almost dead.
The ogre hits you with a +0 giant spiked club!!
Ouch! That really hurt!
You die...

#..# #.# #......
#..###.########.
#...##..........
####....|..........
####.......#..########
...........#.#..# #
#.####.....#....# ##
#.....##...# #.
#.@...##...# #.
##O#####...# #. #..
.#>.# #####. ....
...... ......
.#................ ..
..... .......... ..
..... #####. [.?
...... ##


You could see an ogre.

Vanquished Creatures
  A phantom (D:4)
  An orc wizard (D:4)
  2 adders
  3 worms
  2 dart slugs (D:2)
  9 orcs
  A giant cockroach (D:1)
  9 hobgoblins
  3 jackals (D:4)
  8 kobolds
  2 quokkas
  A ball python (D:2)
  5 bats
  4 frilled lizards
  7 goblins
  6 rats
64 creatures vanquished.

Notes
Turn   | Place    | Note
-------+----------+-------------------------------------------
     0 | D:1      | Mrkan the Minotaur Fighter began the quest for the Orb.
     0 | D:1      | Reached XP level 1. HP: 19/19 MP: 0/0
   268 | D:1      | Reached XP level 2. HP: 27/27 MP: 1/1
   809 | D:2      | Reached XP level 3. HP: 29/33 MP: 2/2
  1599 | D:3      | Reached XP level 4. HP: 31/40 MP: 3/3
  1998 | D:3      | Found a stormy altar of Qazlal.
  1999 | D:3      | Noticed an earth elemental
  2000 | D:3      | Noticed a fire elemental
  2001 | D:3      | Noticed an air elemental
  2001 | D:3      | Noticed a water elemental
  2142 | D:3      | Became a worshipper of Qazlal Stormbringer
  2369 | D:4      | Noticed a phantom
  2398 | D:4      | Killed a phantom
  2398 | D:4      | Reached XP level 5. HP: 6/47 MP: 4/4
  2670 | D:4      | Noticed an ogre
  2678 | D:4      | Mangled by an ogre

Levels and vault maps discovered:
D:1:      minmay_arrival_glassed_features, layout_basic
D:2:      layout_loops_ring, first_ration
D:3:      layout_loops_ring, nicolae_qazlal_style_of_elements
D:4:      layout_basic, overflow_temple_1_default, kennysheep_generic_room_10

Skill      XL: |  1  2  3  4 |
---------------+-------------+-----
Axes           | 3 4 |  4.9
Shields        | 4 |  4.7
Fighting       | 4 |  4.7
Armour         | 4 |  4.6

Action                   |  1- 3 |  4- 6 || total
-------------------------+-------+-------++-------
Melee: War axe           |   112 |    65 ||   177
       Headbutt          |    12 |    11 ||    23
  Eat: Chunk             |     2 |     3 ||     5
Armor: Scale mail        |    46 |     8 ||    54
       Chain mail        |       |    35 ||    35
Dodge: Dodged            |    26 |    17 ||    43
Block: Shield            |    66 |    42 ||   108
